 Dungeon Crawl Stone Soup version 0.20-a0-738-gb057e68 (webtiles) character file.

195 Angani the Caller (level 5, -1/35 HPs)
             Began as a Vampire Summoner on Feb 24, 2017.
             Slain by a bullfrog skeleton (3 damage)
             ... on level 4 of the Dungeon.
             The game lasted 00:11:23 (4640 turns).

Angani the Caller (Vampire Summoner)                Turns: 4640, Time: 00:11:24

Health: -1/35      AC:  0    Str:  7    XL:     5   Next: 45%
Magic:  1/8        EV: 20    Int: 17    God:
Gold:   135        SH:  0    Dex: 21    Spells: 2/8 levels left

rFire    . . .     SeeInvis +   (weapon currently unavailable)
rCold    + + .     Gourm    .   (armour currently unavailable)
rNeg     + + +     Faith    .   (shield currently unavailable)
rPois    ∞         Spirit   .   (helmet currently unavailable)
rElec    .         Reflect  .   (cloak currently unavailable)
rCorr    .         Harm     .   (gloves currently unavailable)
MR       .....                  (boots currently unavailable)
Stlth    +++++.....             (no amulet)
Regen    0.0/turn               (ring currently unavailable)
MPRegen  0.2/turn               (ring currently unavailable)

@: bat-form, flying, bloodless, non-regenerating, very quick
A: fangs 3, see invisible, (unbreathing)
a: End Transformation


You were on level 4 of the Dungeon.
You were bloodless.
You were in vampire-bat-form.
You visited 1 branch of the dungeon, and saw 4 of its levels.

You collected 135 gold pieces.

Inventory:

Missiles
 d - 54 stones (quivered)
Armour
 a - a +0 robe (melded)
 h - a +0 pair of gloves (melded)
Jewellery
 o - a ring of resist corrosion (melded)
 q - a ring of flight (melded)
Scrolls
 e - a scroll of fog {unknown}
 g - 4 scrolls of teleportation {unknown}
 j - 2 scrolls of remove curse {unknown}
 k - 2 scrolls of magic mapping {unknown}
 l - a scroll of amnesia {unknown}
 m - 2 scrolls of identify {unknown}
 p - 5 scrolls of blinking {unknown}
 t - a scroll of enchant weapon {unknown}
Potions
 c - 6 potions of blood
 f - a potion of agility {unknown}
 i - a potion of brilliance {unknown}
 n - a potion of mutation {unknown}
 r - a potion of heal wounds {unknown}
 s - a potion of magic {unknown}
 u - 2 potions of invisibility {unknown}
 v - a potion of might {unknown}
Books
 b - a book of Callings

   Spells                             Type                      Level
   a - Summon Small Mammal            Summoning                    1
   b - Call Imp                       Summoning                    2
   c - Call Canine Familiar           Summoning                    3
   d - Summon Guardian Golem          Hexes/Summoning              3
   e - Summon Lightning Spire         Summoning/Air                4
   f - Summon Ice Beast               Ice/Summoning                4


   Skills:
 - Level 2.1 Dodging
 - Level 3.0 Stealth
 - Level 2.0 Spellcasting
 + Level 6.8 Summonings


You had 2 spell levels left.
You knew the following spells:

 Your Spells              Type           Power        Failure   Level  Hunger
a - Summon Small Mammal   Summ           ###.         1%          1    #......
b - Call Imp              Summ           ###.....     1%          2    ###....
c - Call Canine Familiar  Summ           ###.....     4%          3    ###....


Dungeon Overview and Level Annotations

Branches:
Dungeon (4/15)
 Temple: D:4-7

Altars:
Dithmenos
Elyvilon
Kikubaaqudgha


Innate Abilities, Weirdness & Mutations

You do not heal naturally.
You are immune to poison.
You have razor-sharp teeth.
You have supernaturally acute eyesight. (SInv)
((You can survive without breathing.))


Message History

The gnoll completely misses you.
Your crimson imp blinks!
Unknown command.
The gnoll closely misses your crimson imp.
Your crimson imp blinks!
Unknown command.
Your crimson imp blinks! x2
Found 5 gold pieces.
Unknown command.
The bullfrog skeleton misses you.
You turn into a vampire bat.
Your +0 pair of gloves melds into your body.
Your +0 robe melds into your body.
Your ring of resist corrosion melds into your body.
Your ring of flight melds into your body.
The bullfrog skeleton closely misses you.
Unknown command.
You see here 5 gold pieces.
The bullfrog skeleton hits you.
You die...

#5......##..# #.#
#.#####.###.# #.#
#g#####.# #.###.#
##.#.....# #..##.#
#.g.....## #..##.#
#.......# #..##.#
#...$g..# ##.##.#
#.....Z.# #..#.#
#......b######.#.###
#..................#
##.#.#+#######...#.#
#.#.# .......#.#
#.#.# #####.##.#
'.#.. ... .. ## ##..
## ..># ##.#


You could see 3 gnolls and a bullfrog skeleton.

Vanquished Creatures
  An adder (D:3)
  A leopard gecko (D:1)
  2 frilled lizards
  2 rats
6 creatures vanquished.

Vanquished Creatures (collateral kills)
  The ghost of Oki the Covert, an amateur OpFi of Hepliaklqana (D:4)
  A big kobold (D:3)
  A gnoll (D:4)
  2 adders (D:2)
  2 oozes (D:1)
  2 worms
  A dart slug (D:2)
  An orc (D:3)
  A ball python (D:2)
  3 bats (D:2)
  A bat zombie (D:3)
  3 giant cockroaches
  8 goblins
  5 hobgoblins
  2 jackals (D:3)
  A quokka (D:3)
  3 frilled lizards
  4 kobolds
  A quokka skeleton (D:4)
  2 rats (D:2)
  3 rat zombies (D:3)
48 creatures vanquished.

Vanquished Creatures (others)
  An adder (D:2)
  A bat (D:2)
  A frilled lizard (D:2)
3 creatures vanquished.

Grand Total: 57 creatures vanquished

Notes
Turn   | Place    | Note
-------+----------+-------------------------------------------
     0 | D:1      | Angani the Vampire Summoner began the quest for the Orb.
     0 | D:1      | Reached XP level 1. HP: 13/13 MP: 3/3
   313 | D:1      | Reached XP level 2. HP: 3/19 MP: 0/5
   569 | D:1      | Learned a level 2 spell: Call Imp
  1484 | D:2      | Reached skill level 5 in Summonings
  1488 | D:2      | Reached XP level 3. HP: 24/24 MP: 2/6
  1707 | D:2      | Found a shadowy altar of Dithmenos.
  2098 | D:2      | Found a white marble altar of Elyvilon.
  2353 | D:3      | Noticed a big kobold
  2389 | D:3      | Killed a big kobold
  2389 | D:3      | Reached XP level 4. HP: 30/30 MP: 1/7
  2651 | D:3      | Found an ancient bone altar of Kikubaaqudgha.
  3928 | D:4      | Noticed Oki's ghost (amateur OpFi)
  3930 | D:4      | Learned a level 3 spell: Call Canine Familiar
  3936 | D:4      | Killed Oki's ghost
  3936 | D:4      | Reached skill level 6 in Summonings
  3936 | D:4      | Reached XP level 5. HP: 19/35 MP: 1/8
  4640 | D:4      | Slain by a bullfrog skeleton

Vault maps used:
D:1:      minmay_arrival_shattered_statue, minmay_close_crescents
D:2:      grunt_dithmenos_smoke, elyvilon_altar_4
D:3:      lemuel_upstairs_altar, lemuel_zombie_altar_kikubaaqudgha, first_bread
D:4:      chequers_temple_overflow_minitemple, kennysheep_windowed_goal

Skill      XL: |  1  2  3  4 |
---------------+-------------+-----
Summonings     | 5 6 |  6.8
Dodging        | |  2.1
Stealth        | |  3.0
Spellcasting   | |  2.0

Action                   |  1- 3 |  4- 6 || total
-------------------------+-------+-------++-------
Melee: Unarmed           |    13 |    18 ||    31
       Bite              |     2 |       ||     2
Throw: Stone             |    53 |       ||    53
 Cast: Summon Small Mamm |    13 |       ||    13
       Call Imp          |    37 |    18 ||    55
       Call Canine Famil |       |     3 ||     3
 Abil: Bat Form          |       |     1 ||     1
  Use: Potion            |       |     3 ||     3
Armor: Robe              |    11 |     2 ||    13
Dodge: Dodged            |    27 |    14 ||    41
